 Dungeon Crawl Stone Soup version 0.31-a0-662-g684573625c (webtiles) character file.

Game seed: 9137955135628364958

38 CowFu the Ruffian (level 3, -1/29 HPs)
             Began as a Draconian Shapeshifter on Sept 2, 2023.
             Slain by arthad's ghost (10 damage)
             ... on level 3 of the Dungeon.
             The game lasted 00:02:14 (1265 turns).

CowFu the Ruffian (Draconian Shapeshifter)          Turns: 1265, Time: 00:02:15

Health: -1/29      AC:  5    Str: 16    XL:     3   Next: 25%
Magic:  3/3        EV: 12    Int: 10    God:
Gold:   65         SH:  0    Dex: 12    Spells: 2/2 levels left

rFire   . . .        m - +3 whip of Foul Odours {venom, rElec rN+}
rCold   . . .        (no shield)
rNeg    + . .        (body armour unavailable)
rPois   .            (helmet currently unavailable)
rElec   +            (cloak currently unavailable)
rCorr   .            (gloves currently unavailable)
SInv    .            (boots currently unavailable)
Will    .....        (no amulet)
Stlth   +            (no ring)
HPRegen 0.24/turn    (no ring)
MPRegen 0.08/turn

%: no passive effects
@: beast-form
A: beast (slay +1), AC +5, unfitting armour, cold-blooded
a: Begin Untransformation


You were on level 3 of the Dungeon.
You were a hulking beast.
You visited 1 branch of the dungeon, and saw 3 of its levels.

You collected 65 gold pieces.

Inventory:

Hand Weapons
 m - the +3 whip of Foul Odours (weapon) {venom, rElec rN+}
   (You found it on level 2 of the Dungeon)

   rElec:     It insulates you from electricity.
   rN+:       It protects you from negative energy.
Missiles
 n - 2 throwing nets
Armour
 g - a +0 helmet
 j - a +0 pair of gloves
Talismans
 b - a beast talisman (active)
 c - a flux talisman
 q - a serpent talisman
Scrolls
 h - a scroll of identify
 k - a scroll of teleportation {unknown}
 o - a scroll of poison {unknown}
 p - a scroll of noise {unknown}
Potions
 a - a potion of lignification
 e - 2 potions of heal wounds
 f - 2 potions of enlightenment
 l - 3 potions of mutation


   Skills:
 + Level 1.8 Fighting
 + Level 2.1 Dodging
 - Level 3.4 Unarmed Combat
 + Level 3.4 Shapeshifting


You had 2 spell levels left.
You didn't know any spells.
Your spell library was empty.

Dungeon Overview and Level Annotations

Branches:
Dungeon (2/15)

Altars:

Annotations:
D:3 arthad's ghost, amateur GrFi


Innate Abilities, Weirdness & Mutations

You are a hulking beast.
Your limbs bulge with bestial killing power. (Slay +1)
Your plain brown scales are hard. (AC +5)
You cannot fit into any form of body armour.
You are cold-blooded and may be slowed by cold attacks.


Message History

Your hobgoblin hits arthad's ghost but does no damage.
You completely miss arthad's ghost. Arthad's ghost barely misses you.
Your hobgoblin completely misses arthad's ghost.
You swap places.
Arthad's ghost hits your giant cockroach!
Your giant cockroach dies!
Your giant cockroach's corpse dissolves into shadows!
Your hobgoblin hits arthad's ghost but does no damage.
Your rat misses arthad's ghost. Arthad's ghost hits your hobgoblin.
Your endoplasm freezes arthad's ghost.
Arthad's ghost is frozen.
Arthad's ghost completely resists.
Your hobgoblin hits arthad's ghost.
Your rat bites arthad's ghost but does no damage.
You swap places.
Arthad's ghost barely misses you.
Your endoplasm hits arthad's ghost.
Your hobgoblin closely misses arthad's ghost.
You closely miss arthad's ghost.
You tail-slap arthad's ghost, but do no damage.
Arthad's ghost is lightly damaged.
Arthad's ghost hits you!
* * * LOW HITPOINT WARNING * * *
Your endoplasm freezes arthad's ghost.
Arthad's ghost is frozen.
Arthad's ghost resists.
Your hobgoblin hits arthad's ghost. Arthad's ghost barely misses you.
You hit arthad's ghost.
Your tail-slap misses arthad's ghost.
Arthad's ghost is moderately damaged.
Your endoplasm hits arthad's ghost. Your hobgoblin hits arthad's ghost.
Arthad's ghost barely misses you.
You hit arthad's ghost but do no damage.
Arthad's ghost is heavily damaged.
Your hobgoblin misses arthad's ghost.
Your endoplasm hits arthad's ghost but does no damage.
Arthad's ghost barely misses you.
You hit arthad's ghost but do no damage.
Arthad's ghost is moderately damaged.
Your hobgoblin hits arthad's ghost but does no damage.
Your endoplasm hits arthad's ghost but does no damage.
Arthad's ghost hits you!
You die...

##...## #...#
####### ###.#
#.!.#.# #.#
#.~.#.#### #.#
#.~.#....# #.#
#.~.#.##.######.#
#.~.#...........#
##W##.##.########
#hgJ..##.#
#.r......#
##.#.##### #...#
###.# #.# #.#
##### #.#
##...##### #####
#.# ##.###.#...


You could see arthad's ghost (ally target), a friendly endoplasm (summoned), a
friendly hobgoblin (summoned) and a friendly rat (summoned).

Vanquished Creatures
  2 adders
  A worm (D:3)
  An endoplasm (D:2)
  A giant cockroach (D:2)
  3 jackals (D:2)
  4 kobolds
  A quokka (D:2)
  4 ball pythons
  A bat (D:2)
  A frilled lizard (D:1)
  A rat (D:1)
20 creatures vanquished.

Notes
Turn   | Place    | Note
-------+----------+-------------------------------------------
     0 | D:1      | CowFu the Draconian Shapeshifter began the quest for the
                  | Orb.
     0 | D:1      | Reached XP level 1. HP: 16/16 MP: 1/1
   516 | D:2      | Reached XP level 2. HP: 23/23 MP: 2/2
   664 | D:2      | Identified the +3 whip of Foul Odours {venom, rElec rN+}
   864 | D:2      | You fall into a shaft and drop 1 floor!
   882 | D:3      | Reached XP level 3. HP: 21/28 MP: 3/3
  1072 | D:3      | Found a runed translucent door.
  1076 | D:3      | Noticed arthad's ghost (amateur GrFi)
  1265 | D:3      | Slain by arthad's ghost

Illustrated notes

Levels and vault maps discovered:
D:1:      minmay_arrival_three_doors, layout_rooms
D:2:      layout_basic, serial_shops, nicolae_shop_behind_doors,
          grunt_decor_one_mirror
D:3:      layout_loops_corners, shapermc_ecumenical_altar_totnotflames,
          ebering_ghost_reflecting_pool

Skill      XL: |  1  2 |
---------------+-------+-----
Dodging        | 2 |  2.1
Fighting       | |  1.8
Unarmed Combat | |  3.4
Shapeshifting  | |  3.4

Action                     || total
---------------------------++-------
  Melee: Unarmed           ||    52
         Whip              ||    16
         Tailslap          ||     3
         Punch             ||     1
    Use: Scroll            ||     5
   Stab: Sleeping          ||     1
 Armour: Skin              ||    40
  Dodge: Dodged            ||    44

Table legend: (Time is in decaauts)
 A = Elapsed time spent in this place.
 B = Non-inter-level travel time spent in this place.
 C = Inter-level travel time spent in this place.
 D = Time resting spent in this place.
 E = Time spent auto-exploring this place.
 F = Levels seen in this place.
 G = Mean time per level.
                   A        B        C        D        E       F      G
               +--------+--------+--------+--------+--------+-----+--------+
         Total |   1262 |   1179 |     83 |      0 |    947 |   3 |  420.7 |
       Dungeon |   1262 |   1179 |     83 |      0 |    947 |   3 |  420.7 |
               +--------+--------+--------+--------+--------+-----+--------+

Top non-repeatable levels by time:
     D:1: 439 daAuts
     D:2: 421 daAuts
     D:3: 402 daAuts
